 Dungeon Crawl Stone Soup version 0.30-a0-1116-gebefce21f7 (webtiles) character file.

Game seed: 17801825467893981653

177 cheesebisquit the Caller (level 5, 0/35 HPs)
             Began as a Merfolk Summoner on Apr 21, 2023.
             Slain by a gnoll
             ... wielding a +0 halberd
              (11 damage)
             ... on level 3 of the Dungeon.
             The game lasted 00:10:29 (3170 turns).

cheesebisquit the Caller (Merfolk Summoner)         Turns: 3170, Time: 00:10:30

Health: 0/35       AC:  3    Str: 14    XL:     5   Next: 57%
Magic:  7/8        EV:  6    Int: 16    God:
Gold:   133        SH:  0    Dex: 15    Spells: 2/8 levels left

rFire   . . .      SeeInvis .    f - +2 war axe (flame)
rCold   . . .      Faith    .    k - orb {light}
rNeg    . . .      Spirit   .    a - +0 robe
rPois   .          Reflect  .    (no helmet)
rElec   .          Rampage  .    (no cloak)
rCorr   .                        e - +0 pair of gloves
Will    .....                    (no boots)
Stlth   +                        (no amulet)
HPRegen 0.25/turn                q - +6 ring of strength
MPRegen 0.11/turn                (no ring)

@: held, glowing
A: (nimble swimmer 2), mertail
a: no special abilities


You were on level 3 of the Dungeon.
You visited 1 branch of the dungeon, and saw 3 of its levels.

You collected 133 gold pieces.

Inventory:

Hand Weapons
 c - a +0 club
 d - a +0 whip
 f - a +2 war axe of flaming (weapon)
Missiles
 m - 5 boomerangs
 n - 5 atropa-tipped darts
Armour
 a - a +0 robe (worn)
 e - a +0 pair of gloves (worn)
 k - an orb of light (worn)
Jewellery
 q - a +6 ring of strength (left hand)
Scrolls
 h - a scroll of magic mapping {unknown}
 i - a scroll of enchant armour {unknown}
 p - a scroll of noise {unknown}
Potions
 b - a potion of magic
 g - a potion of might {unknown}
 j - a potion of attraction {unknown}
 l - a potion of ambrosia {unknown}
 o - a potion of heal wounds {unknown}


   Skills:
 - Level 2.6 Dodging
 - Level 2.1 Stealth
 - Level 2.0 Spellcasting
 + Level 6.6 Summonings


You had 2 spell levels left.
You knew the following spells:

 Your Spells              Type           Power      Damage    Failure   Level
a - Summon Small Mammal   Summ           92%        N/A       1%          1
b - Call Imp              Summ           46%        N/A       1%          2
c - Call Canine Familiar  Summ           23%        N/A       4%          3

Your spell library contained the following spells:

 Spells                   Type           Power      Damage    Failure   Level
 Summon Guardian Golem    Hex/Summ       12%        N/A       16%         3
 Summon Lightning Spire   Summ/Air       12%        N/A       45%         4


Dungeon Overview and Level Annotations

Branches:
Dungeon (3/15)

Altars:
Ashenzari


Innate Abilities, Weirdness & Mutations

((You are very nimble when in or above water. (Stealth+, EV+, Speed+++)))
Your lower body shifts to a powerful aquatic tail in water.


Message History

Your bat disappears in a puff of smoke!
An adder comes into view.
A gnoll comes into view. It is wielding a +0 halberd.
The adder moves out of view.
Found 7 stones.
The gnoll shouts!
You hear an angry hiss.
The gnoll closely misses you.
The gnoll hits you from afar with a +0 spear.
The gnoll hits you from afar with a +0 spear.
The gnoll hits you from afar with a +0 spear.
Your quokka bites the gnoll but does no damage.
The gnoll barely misses you.
Your quokka bites the gnoll.
Your quokka disappears in a puff of smoke!
Your quokka misses the gnoll.
The gnoll hits your quokka with a +0 spear.
Your quokka bites the gnoll but does no damage.
The gnoll barely misses your quokka.
Your quokka barely misses the gnoll.
You swap places.
The gnoll barely misses your quokka.
Your bat hits the gnoll but does no damage.
Your quokka bites the gnoll.
Your quokka bites the gnoll.
The gnoll hits you with a +0 spear.
You hit the gnoll. You burn the gnoll.
The gnoll is almost dead.
Your quokka bites the gnoll.
The gnoll dies!
Your quokka bites the gnoll.
The gnoll hits you with a +0 club. The gnoll closely misses you.
You hit the gnoll. You burn the gnoll.
The gnoll is severely wounded.
Your quokka completely misses the gnoll.
The gnoll closely misses you. The gnoll hits you with a +0 club!
Your quokka barely misses the gnoll.
You slash the gnoll! You burn the gnoll.
You kill the gnoll!
Your quokka closely misses the gnoll.
The gnoll barely misses you.
Your quokka barely misses the gnoll.
The gnoll throws a throwing net.
The throwing net hits you.
You become entangled in the net!
You struggle against the net.
Your quokka bites the gnoll.
The gnoll hits you from afar with a +0 halberd!
You die...

#.......##.#####...
##.#.#.###.........
##.#.#.##########..
##......)...# #..
.....##.###.# #..
##...##.### ###
#........#
#.####.#.#...
#b@)r.........
####g#####.##. #.#
.#


gg. # S.S.. #.....# #.....# #.....# You could see a gnoll (ally target), a
friendly quokka (summoned) and a friendly bat (summoned).

Vanquished Creatures
  Natasha (twice) (D:2)
  2 adders
  A gnoll (D:3)
  2 worms (D:2)
  3 dart slugs
  6 bats
  3 goblins
  3 jackals (D:3)
  3 kobolds
  A quokka (D:1)
  3 ball pythons
  3 rats
32 creatures vanquished.

Vanquished Creatures (collateral kills)
  Natasha (D:2)
  2 gnolls
  2 ball pythons (D:1)
  An endoplasm (D:3)
  3 giant cockroaches
  3 goblins (D:1)
  A jackal (D:3)
  A quokka (D:2)
  2 bats
  2 frilled lizards
  3 kobolds (D:1)
  A rat (D:1)
22 creatures vanquished.

Grand Total: 54 creatures vanquished

Notes
Turn   | Place    | Note
-------+----------+-------------------------------------------
     0 | D:1      | cheesebisquit the Merfolk Summoner began the quest for the
                  | Orb.
     0 | D:1      | Reached XP level 1. HP: 13/13 MP: 3/3
   307 | D:1      | Reached XP level 2. HP: 19/19 MP: 0/5
   880 | D:1      | Reached XP level 3. HP: 24/24 MP: 0/6
  1045 | D:1      | Reached skill level 5 in Summonings
  1048 | D:1      | Learned a level 2 spell: Call Imp
  1052 | D:1      | Learned a level 3 spell: Call Canine Familiar
  1745 | D:2      | Noticed Natasha
  1751 | D:2      | Killed Natasha
  1752 | D:2      | Reached XP level 4. HP: 22/30 MP: 4/7
  2215 | D:2      | Noticed Natasha
  2224 | D:2      | Killed Natasha
  2225 | D:2      | Reached skill level 6 in Summonings
  2300 | D:2      | Found a faded altar of an unknown god.
  2300 | D:2      | Noticed Natasha
  2304 | D:2      | Killed Natasha
  2305 | D:2      | Reached XP level 5. HP: 31/35 MP: 5/8
  2911 | D:3      | Found a broken altar of Ashenzari.
  3170 | D:3      | Slain by a gnoll

Illustrated notes

Levels and vault maps discovered:
D:1:      saegor_arrival_simple_e, layout_loops_ring, lemuel_flame_loot_1
D:2:      layout_loops_corners, hellmonk_ecumenical_altar_inner_sanctum,
          chequers_serial_rivers_small_3, st_stairs_6, uniq_natasha
D:3:      layout_loops_cross, nicolae_ashenzari_panopticon

Skill      XL: |  1  2  3  4 |
---------------+-------------+-----
Summonings     | 5 6 |  6.6
Dodging        | |  2.6
Stealth        | |  2.1
Spellcasting   | |  2.0

Action                     |  1- 3 |  4- 6 || total
---------------------------+-------+-------++-------
  Melee: Whip              |    20 |       ||    20
         War axe           |    20 |    36 ||    56
   Cast: Summon Small Mamm |    61 |    41 ||   102
         Call Imp          |     1 |       ||     1
         Call Canine Famil |     1 |       ||     1
   Stab: Sleeping          |     2 |       ||     2
 Armour: Robe              |    27 |     8 ||    35
  Dodge: Dodged            |    40 |    48 ||    88

Table legend: (Time is in decaauts)
 A = Elapsed time spent in this place.
 B = Non-inter-level travel time spent in this place.
 C = Inter-level travel time spent in this place.
 D = Time resting spent in this place.
 E = Time spent auto-exploring this place.
 F = Levels seen in this place.
 G = Mean time per level.
                   A        B        C        D        E       F      G
               +--------+--------+--------+--------+--------+-----+--------+
         Total |   3202 |   3135 |     67 |      0 |   2613 |   3 | 1067.3 |
       Dungeon |   3202 |   3135 |     67 |      0 |   2613 |   3 | 1067.3 |
               +--------+--------+--------+--------+--------+-----+--------+

Top non-repeatable levels by time:
     D:1: 1622 daAuts
     D:2: 1199 daAuts
     D:3: 380 daAuts
